 Dungeon Crawl Stone Soup version 0.27-a0-1529-g1e82c303ef (webtiles) character file.

Game seed: 7906214122378269752

16056 Demosthentine the Spear-Bearer (level 12, -11/99 HPs)
             Began as a Merfolk Gladiator on July 11, 2021.
             Was an Elder of the Shining One.
             Mangled by a manticore (19 damage)
             ... on level 13 of the Dungeon.
             The game lasted 00:14:56 (16478 turns).

Demosthentine the Spear-Bearer (Merfolk Gladiator) Turns: 16478, Time: 00:14:57

Health: -11/99     AC: 11    Str: 21    XL:     12   Next: 33%
Magic:  26/26      EV: 19    Int:  8    God:    the Shining One [****..]
Gold:   811        SH:  5    Dex: 17    Spells: 11/11 levels left

rFire    + . .     SeeInvis .   a - +0 trident
rCold    . . .     Faith    .   p - +0 buckler
rNeg     + + +     Spirit   .   s - +1 leather armour of Complete Protection {rF+ Regen+ rCorr Str+4}
rPois    .         Reflect  .   w - +1 helmet
rElec    .         Harm     .   n - +0 cloak
rCorr    +         Rampage  .   v - +2 pair of gloves
Will     .....                  (no boots)
Stlth    +.........             c - amulet of magic regeneration
HPRegen  0.26/turn              l - ring of positive energy
MPRegen  0.45/turn              g - ring of magical power

@: spiked, glowing
A: (nimble swimmer 2), mertail
a: Renounce Religion, Divine Shield, Cleansing Flame


You were on level 13 of the Dungeon.
You worshipped the Shining One.
The Shining One was greatly pleased with you.
You visited 2 branches of the dungeon, and saw 16 of its levels.

You collected 811 gold pieces.

Inventory:

Hand Weapons
 a - a +0 trident (weapon)
Missiles
 m - 5 curare-tipped darts (quivered)
Armour
 k - a +2 leather armour of willpower
 n - a +0 cloak (worn)
 p - a +0 buckler (worn)
 s - the +1 leather armour of Complete Protection (worn) {rF+ Regen+ rCorr Str+4}
   (You found it on level 14 of the Dungeon)

   Str:       It affects your strength (+4).
   rF:        It protects you from fire.
   Regen:     It increases your rate of health regeneration.
   rCorr:     It protects you from acid and corrosion.
 v - a +2 pair of gloves (worn)
 w - a +1 helmet (worn)
Jewellery
 c - an amulet of magic regeneration (around neck)
 g - a ring of magical power (right hand)
 l - a ring of positive energy (left hand)
Wands
 d - a wand of digging (5)
 f - a wand of mindburst (20)
 r - a wand of paralysis (15)
 t - a wand of iceblast (20)
Scrolls
 h - a scroll of summoning
 o - 5 scrolls of fear
 y - a scroll of amnesia
Potions
 b - 2 potions of lignification
 e - a potion of resistance
 i - a potion of attraction
 j - a potion of haste
 q - 2 potions of flight
 u - 2 potions of mutation
 x - a potion of curing


   Skills:
 + Level 10.8 Fighting
 + Level 13.9 Polearms
 - Level 2.0 Throwing
 - Level 5.5 Armour
 + Level 12.9 Dodging
 - Level 4.0 Shields
 + Level 6.8 Invocations


You had 11 spell levels left.
You didn't know any spells.
Your spell library contained the following spells:

 Spells                   Type           Power      Damage    Failure   Level
 Freeze                   Ice            0%         1d3       45%         1
 Shock                    Conj/Air       0%         1d3       45%         1
 Sting                    Tmut/Pois      0%         1d3       45%         1
 Poisonous Vapours        Pois/Air       0%         N/A       58%         2
 Sublimation of Blood     Necr           0%         N/A       58%         2
 Wereblood                Tmut           0%         N/A       58%         2
 Conjure Flame            Conj/Fire      0%         6-21      83%         3
 Frozen Ramparts          Ice            0%         1d2       83%         3
 Swiftness                Air            0%         N/A       83%         3
 Airstrike                Air            0%         N/A       99%         4
 Hailstorm                Conj/Ice       0%         3d3       99%         4
 Olgreb's Toxic Radiance  Pois           0%         N/A       99%         4
 Bolt of Magma            Conj/Fire/Erth 0%         4d4       100%        5
 Summon Hydra             Summ           0%         N/A       100%        7


Dungeon Overview and Level Annotations

Branches:
Dungeon (15/15)            Temple (1/1) D:4            Lair (0/6) D:11
    Orc (0/2) D:10
 Vaults: D:13-14     Depths: D:15

Altars:
Ashenzari
Cheibriados
Dithmenos
Elyvilon
Fedhas
Gozag
Hepliaklqana
Kikubaaqudgha
Makhleb
Nemelex Xobeh
Okawaru
Qazlal
Ru
Sif Muna
Trog
Uskayaw
Vehumet
Wu Jian
Xom
Yredelemnul
Zin
The Shining One

Shops:
D:7 *


Innate Abilities, Weirdness & Mutations

((You are quick and stealthy near water. (Stealth+, EV+, Speed+++)))
Your lower body shifts to a powerful aquatic tail in water.


Message History

The large slime creature is moderately wounded.
The manticore flicks its tail.
The volley of spikes hits you but does no damage.
The large slime creature completely misses you.
Unknown command.
Unknown command.
You hit the large slime creature.
The large slime creature is moderately wounded.
Unknown command.
You puncture the large slime creature!
The large slime creature is heavily wounded.
The large slime creature hits you but does no damage.
Unknown command.
You hit the large slime creature.
The large slime creature is heavily wounded.
The manticore flicks its tail.
The volley of spikes hits you!
The barbed spikes become lodged in your body.
* * * LOW HITPOINT WARNING * * *
The large slime creature hits you but does no damage.
You feel better.
The manticore flicks its tail.
The volley of spikes hits you but does no damage.
The large slime creature hits you!
* * * LOW HITPOINT WARNING * * *
Unknown command.
Unknown command.
You hit the large slime creature.
The large slime creature is heavily wounded.
Unknown command.
You puncture the large slime creature!
The large slime creature is severely wounded.
You block the large slime creature's attack.
Unknown command.
You hit the large slime creature.
The large slime creature is severely wounded.
You puncture the large slime creature!
The large slime creature is severely wounded.
The manticore bites you!!
You die...

#.........##
+.........'
......... .......
..... ... #H# #@#
####J####
####.......######
....J#...........
###........######
#####..#...#.# #
#.........##.#
....###..##.# .#
#........##.# .#


You could see a large slime creature and a manticore.

Vanquished Creatures
  Josephine (D:11)
  A centaur warrior (D:14)
  3 two-headed ogres
  A deep elf pyromancer (D:14)
  An ugly thing (D:8)
  A cyclops (D:11)
  A manticore (D:14)
  Maurice (D:9)
  2 unseen horrors
  A komodo dragon (D:11)
  A hornet (D:8)
  2 trolls
  5 wraiths (D:11)
  8 yaks
  A vampire (D:12)
  2 steam dragons
  8 water moccasins
  8 orc warriors
  A sky beast (D:5)
  5 black bears
  3 necrophages (D:5)
  2 ice beasts
  3 ogres
  A phantom (D:5)
  8 centaurs
  5 kobold brigands
  4 bullfrogs
  2 gnoll sergeants
  10 scorpions
  A wyvern skeleton (D:6)
  7 wights (D:8)
  3 howler monkeys
  2 electric eels (D:10)
  3 bullfrog zombies
  A jelly (D:6)
  3 centaur zombies
  6 orc priests
  A gnoll shaman (D:10)
  3 hounds
  Crazy Yiuf (D:3)
  Ijyb (D:4)
  8 orc wizards
  A killer bee zombie (D:7)
  A hound skeleton (D:4)
  18 gnolls
  A howler monkey skeleton (D:5)
  6 adders
  4 ufetubi
  An adder skeleton (D:4)
  A worm (D:2)
  3 dart slugs (D:1)
  55 orcs
  7 ball pythons
  6 endoplasms
  6 giant cockroaches
  5 goblins
  9 hobgoblins
  6 jackals
  40 kobolds
  4 quokkas
  6 bats
  12 rats
324 creatures vanquished.

Vanquished Creatures (others)
  A troll (D:13)
  41 fungi (D:11)
  46 plants
88 creatures vanquished.

Grand Total: 412 creatures vanquished

Notes
Turn   | Place    | Note
-------+----------+-------------------------------------------
     0 | D:1      | Demosthentine the Merfolk Gladiator began the quest for the
                  | Orb.
     0 | D:1      | Reached XP level 1. HP: 16/16 MP: 1/1
   103 | D:1      | Reached XP level 2. HP: 18/23 MP: 2/2
   420 | D:1      | Reached XP level 3. HP: 23/28 MP: 3/3
   716 | D:1      | Found a faded altar of an unknown god.
   966 | D:2      | Reached skill level 5 in Polearms
   966 | D:2      | Reached skill level 1 in Armour
  1523 | D:2      | Reached XP level 4. HP: 34/34 MP: 4/4
  1567 | D:3      | Noticed a scorpion
  1578 | D:3      | Killed a scorpion
  1579 | D:3      | Reached skill level 5 in Dodging
  1597 | D:2      | Reached XP level 5. HP: 35/41 MP: 5/5
  2502 | D:3      | Found a runed translucent door.
  2503 | D:3      | Noticed Crazy Yiuf
  2693 | D:3      | Reached skill level 6 in Polearms
  2717 | D:3      | Found a glowing golden altar of the Shining One.
  2725 | D:3      | Reached XP level 6. HP: 48/48 MP: 6/6
  2729 | D:3      | Became a worshipper of the Shining One
  3104 | D:3      | Killed Crazy Yiuf
  3427 | D:4      | Noticed Ijyb
  3432 | D:4      | Paralysed by Ijyb for 5 turns
  3446 | D:4      | Killed Ijyb
  3515 | D:4      | Reached XP level 7. HP: 50/55 MP: 7/7
  3561 | D:4      | Found a staircase to the Ecumenical Temple.
  3569 | D:4      | You fall into a shaft and drop 1 floor!
  3569 | D:5      | Entered Level 5 of the Dungeon
  3601 | D:5      | Reached skill level 7 in Polearms
  3624 | D:5      | HP: 2/55 [phantom (3)]
  3630 | D:5      | Reached skill level 5 in Fighting
  3644 | D:5      | HP: 1/56 [necrophage (2)]
  3648 | D:5      | Reached XP level 8. HP: 2/62 MP: 8/8
  4067 | Temple   | Entered the Ecumenical Temple
  4660 | D:4      | Reached * piety under the Shining One
  4769 | D:4      | Reached skill level 8 in Polearms
  4959 | D:4      | Reached skill level 1 in Shields
  5802 | D:5      | Noticed a troll
  5826 | D:5      | Killed a troll
  6089 | D:5      | Reached XP level 9. HP: 57/69 MP: 9/9
  7086 | D:6      | Reached skill level 9 in Polearms
  8195 | D:7      | Found Dirraul's Neck Hole.
  8671 | D:7      | Reached ** piety under the Shining One
  9490 | D:8      | Reached skill level 10 in Polearms
  9615 | D:8      | Reached XP level 10. HP: 66/79 MP: 10/10
  9738 | D:8      | Reached skill level 5 in Armour
 10209 | D:8      | Reached *** piety under the Shining One
 10321 | D:8      | Reached skill level 10 in Dodging
 10835 | D:8      | Noticed a cyan ugly thing
 10851 | D:8      | Reached skill level 11 in Polearms
 10860 | D:8      | Killed a cyan ugly thing
 11792 | D:9      | Reached skill level 1 in Invocations
 12463 | D:9      | Noticed a two-headed ogre
 12482 | D:9      | Killed a two-headed ogre
 12483 | D:9      | Reached XP level 11. HP: 40/89 MP: 13/13
 12709 | D:9      | Got Sif Muna's Incunabulum of the Arsonist
 12855 | D:9      | Reached skill level 12 in Polearms
 12985 | D:9      | Noticed Maurice
 13006 | D:9      | Killed Maurice
 13304 | D:10     | Entered Level 10 of the Dungeon
 13929 | D:10     | Found a staircase to the Orcish Mines.
 14787 | D:11     | Reached **** piety under the Shining One
 14799 | D:11     | Noticed a two-headed ogre
 14842 | D:11     | Killed a two-headed ogre
 14855 | D:11     | Noticed Josephine
 14883 | D:11     | Killed Josephine
 14884 | D:11     | Reached skill level 10 in Fighting
 14884 | D:11     | Reached skill level 5 in Invocations
 14887 | D:11     | Reached skill level 13 in Polearms
 15078 | D:11     | Found a staircase to the Lair.
 15185 | D:11     | Noticed a two-headed ogre
 15201 | D:11     | Killed a two-headed ogre
 15440 | D:11     | Reached XP level 12. HP: 98/98 MP: 16/16
 16199 | D:12     | You fall into a shaft and drop 3 floors!
 16199 | D:15     | Entered Level 15 of the Dungeon
 16229 | D:14     | Identified the +5 spear "Onoveqap" {pain, rElec rF++}
 16275 | D:14     | Noticed a centaur warrior
 16301 | D:14     | Killed a centaur warrior
 16338 | D:14     | Identified the +1 leather armour of Complete Protection
                  | {rF+ Regen+ rCorr Str+4}
 16478 | D:13     | Mangled by a manticore

Illustrated notes

Levels and vault maps discovered:
D:1:      ebering_hopf_link, layout_rooms, ebering_ecumenical_altar_box
D:2:      layout_loops_cross
D:3:      layout_rooms, mainiacjoe_overflow_24_doors, uniq_crazy_yiuf_cottage
D:4:      minmay_wonky_spiral, layout_basic, minmay_temple_entry_tees,
          kennysheep_generic_room_4, uniq_ijyb
D:5:      kennysheep_kobold_camp, layout_basic, kennysheep_opposing_triangles
D:6:      layout_loops_corners, feat_on_display
D:7:      layout_cave_pods, dk_noncrumbling_2, nicolae_shop_sticking_my_neck_out
D:8:      layout_rooms, special_room [special_room_orc], grunt_ministairs_13,
          kennysheep_dice
D:9:      layout_basic, uniq_maurice
D:10:     layout_basic, orc_0_dummy
D:11:     layout_loops_ring, due_lair_maze_entry_diamond, grunt_decor_junction,
          uniq_josephine
D:12:     layout_grid_maze, enter_bailey_8, ebering_ghost_inner_flame,
          lemuel_old_faithful
D:13:     layout_loops_corners, erik_vaults_2, gauntlet_entry_generic
D:14:     layout_rooms, serial_glass, glass_columns_b, glass_columns_a,
          glass_columns_a, glass_columns_a, glass_columns_a, glass_columns_b,
          biasface_ghost_orc_armoury
D:15:     hangedman_depths_entry_civil_slaughter, layout_basic,
          minmay_misc_feat_five, amethyst_killhole, xom_confusion_cloud
Temple:   roderic_octagonal_lattice_temple

Skill      XL: |  1  2  3  4  5  6  7  8  9 10 11 12 |
---------------+-------------------------------------+-----
Polearms       | 5 6 7 8 10 11 13 | 13.9
Armour         | 1 2 3 4 5 |  5.5
Fighting       | 3 4 5 6 7 9 10 | 10.8
Dodging        | 5 6 7 8 9 11 12 | 12.9
Shields        | 2 4 |  4.0
Invocations    | 3 5 6 |  6.8
Throwing       | |  2.0

Action                   |  1- 3 |  4- 6 |  7- 9 | 10-12 || total
-------------------------+-------+-------+-------+-------++-------
Melee: Trident           |   103 |   189 |   452 |   932 ||  1676
       Tailslap          |       |       |       |     1 ||     1
Throw: Throwing net      |       |     1 |     7 |     2 ||    10
       Dart              |       |       |       |     6 ||     6
Invok: Divine Shield     |       |       |       |     2 ||     2
  Use: Scroll            |     3 |     5 |     6 |     5 ||    19
       Potion            |       |       |     4 |     4 ||     8
 Stab: Sleeping          |     2 |       |       |       ||     2
Armor: Leather armour    |    17 |    46 |    81 |   132 ||   276
Dodge: Dodged            |    60 |   138 |   272 |   478 ||   948
Block: Buckler           |       |       |       |   161 ||   161

Table legend: (Time is in decaauts)
 A = Elapsed time spent in this place.
 B = Non-inter-level travel time spent in this place.
 C = Inter-level travel time spent in this place.
 D = Time resting spent in this place.
 E = Time spent auto-exploring this place.
 F = Levels seen in this place.
 G = Mean time per level.
                   A        B        C        D        E       F      G
               +--------+--------+--------+--------+--------+-----+--------+
         Total |  16165 |  15765 |    400 |    782 |  12365 |  16 | 1010.3 |
       Dungeon |  15880 |  15480 |    400 |    782 |  12101 |  15 | 1058.7 |
        Temple |    284 |    284 |      0 |      0 |    264 |   1 |  284.0 |
               +--------+--------+--------+--------+--------+-----+--------+

Top non-repeatable levels by time:
     D:8: 2062 daAuts
     D:5: 1903 daAuts
     D:4: 1669 daAuts
    D:11: 1506 daAuts
     D:9: 1480 daAuts
     D:7: 1426 daAuts
     D:2: 1387 daAuts
    D:10: 1230 daAuts
     D:6: 1171 daAuts
     D:3: 1009 daAuts
     D:1: 762 daAuts
  Temple: 284 daAuts
    D:14: 126 daAuts
    D:13: 113 daAuts
    D:12: 22 daAuts
